 Seeded DCSS version 0.27-a0-1188-g73eefd5def (webtiles) character file.

Game seed: 20210521 (custom seed)

123 Snicker the Sneak (level 4, 0/33 HPs)
             Began as a Demonspawn Brigand on May 22, 2021.
             Slain by a water moccasin zombie (2 damage)
             ... on level 4 of the Dungeon.
             The game lasted 00:07:55 (3677 turns).

Snicker the Sneak (Demonspawn Brigand)              Turns: 3677, Time: 00:07:55

Health: 0/33       AC:  6    Str: 12    XL:     4   Next: 79%
Magic:  4/4        EV: 12    Int: 12    God:
Gold:   147        SH:  0    Dex: 15    Spells: 2/3 levels left

rFire    . . .     SeeInvis .   a - +2 dagger
rCold    . . .     Faith    .   (no shield)
rNeg     . . .     Spirit   .   q - +0 robe
rPois    .         Reflect  .   (no helmet)
rElec    .         Harm     .   c - +0 cloak
rCorr    .         Rampage  .   (no gloves)
Will     .....                  r - +0 pair of boots
Stlth    +++.......             (no amulet)
HPRegen  0.11/turn              (no ring)
MPRegen  0.09/turn              (no ring)

@: no status effects
A: icy blue scales 1
a: no special abilities


You were on level 4 of the Dungeon.
You visited 1 branch of the dungeon, and saw 4 of its levels.

You collected 147 gold pieces.

Inventory:

Hand Weapons
 a - a +2 dagger (weapon)
 b - a +1 trident of venom
Missiles
 d - 15 poisoned darts (quivered)
 e - 2 curare-tipped darts
Armour
 c - a +0 cloak (worn)
 q - a +0 robe (worn)
 r - a +0 pair of boots (worn)
Scrolls
 h - a scroll of brand weapon {unknown}
 i - a scroll of enchant armour {unknown}
 j - 2 scrolls of blinking {unknown}
 k - a scroll of vulnerability {unknown}
 l - a scroll of magic mapping {unknown}
 o - 2 scrolls of identify {unknown}
Potions
 f - a potion of degeneration {unknown}
 g - a potion of heal wounds {unknown}
 m - 3 potions of lignification {unknown}
 n - 2 potions of flight {unknown}
 p - a potion of curing {unknown}
 s - a potion of attraction {unknown}


   Skills:
 + Level 2.2 Fighting
 * Level 3.2 Short Blades
 + Level 1.7 Throwing
 + Level 1.3 Dodging
 * Level 4.8 Stealth


You had 2 spell levels left.
You knew the following spells:

 Your Spells              Type           Power      Damage    Failure   Level
a - Foxfire               Conj/Fire      0%         2x1d4     32%         1

Your spell library contained the following spells:

 Spells                   Type           Power      Damage    Failure   Level
 Confusing Touch          Hex            0%         N/A       69%         3
 Conjure Flame            Conj/Fire      0%         6-21      69%         3
 Gell's Gravitas          Tloc           0%         N/A       69%         3
 Inner Flame              Hex/Fire       0%         N/A       69%         3
 Petrify                  Tmut/Erth      0%         N/A       97%         4
 Sticky Flame             Conj/Fire      0%         2d3       97%         4
 Fireball                 Conj/Fire      0%         3d3       100%        5
 Metabolic Englaciation   Hex/Ice        0%         N/A       100%        5
 Yara's Violent Unravell  Hex/Tmut       0%         3d3       100%        5


Dungeon Overview and Level Annotations

Branches:
Dungeon (4/15)
 Temple: D:4-7

Altars:
Wu Jian

Shops:
D:3 (


Innate Abilities, Weirdness & Mutations

You are partially covered in icy blue scales. (AC +2)


Message History

The water moccasin zombie bites you.
You hit the water moccasin zombie.
The water moccasin zombie is heavily damaged.
The water moccasin zombie bites you.
You hit the water moccasin zombie.
The water moccasin zombie is heavily damaged.
The water moccasin zombie bites you.
* * * LOW HITPOINT WARNING * * *
You hit the water moccasin zombie.
The water moccasin zombie is heavily damaged.
The water moccasin zombie bites you.
* * * LOW HITPOINT WARNING * * *
You hit the water moccasin zombie.
The water moccasin zombie is heavily damaged.
The water moccasin zombie closely misses you.
Unknown command.
The water moccasin zombie barely misses you.
You see here a +0 hand axe.
The water moccasin zombie misses you.
You hit the water moccasin zombie.
The water moccasin zombie is severely damaged.
The water moccasin zombie barely misses you.
You closely miss the water moccasin zombie.
The water moccasin zombie is severely damaged.
The water moccasin zombie bites you.
* * * LOW HITPOINT WARNING * * *
You barely miss the water moccasin zombie.
The water moccasin zombie is severely damaged.
The water moccasin zombie barely misses you.
You hit the water moccasin zombie.
The water moccasin zombie is severely damaged.
The water moccasin zombie closely misses you.
You hit the water moccasin zombie.
The water moccasin zombie is almost destroyed.
The water moccasin zombie bites you.
* * * LOW HITPOINT WARNING * * *
The water moccasin zombie barely misses you.
The water moccasin zombie completely misses you.
The water moccasin zombie bites you.
You die...

##.###.# #.# #.#># #.
#.# #.####.#####.#.#
#. #.#
#.##.......)...#####.
#.#
#.##.#.#####.........
###
#.##.#.#######....##.
#.##.#.......+.......
#.##.#########....###
#.##Z# #....# #
#.##@# #....# #
#.##.# #....# .
#....#########....#
#.............#####
#...†########. #....#
#....# #.#
#....###### #.#
#.........# #.#


You could see a water moccasin zombie.

Vanquished Creatures
  A hound skeleton (D:4)
  4 adders
  2 worms
  A dart slug (D:4)
  An orc (D:3)
  8 endoplasms
  2 giant cockroaches (D:2)
  7 goblins
  6 hobgoblins
  8 jackals
  2 kobolds (D:1)
  A quokka (D:4)
  3 ball pythons
  7 bats
  5 frilled lizards
  2 rats
60 creatures vanquished.

Vanquished Creatures (others)
  5 foxfires (D:3)
5 creatures vanquished.

Grand Total: 65 creatures vanquished

Notes
Turn   | Place    | Note
-------+----------+-------------------------------------------
     0 | D:1      | Snicker the Demonspawn Brigand began the quest for the Orb.
     0 | D:1      | Reached XP level 1. HP: 16/16 MP: 1/1
   271 | D:1      | Reached skill level 4 in Stealth
   299 | D:1      | Gained mutation: You are partially covered in icy blue
                  | scales. (AC +2) [demonic ancestry]
   299 | D:1      | Reached XP level 2. HP: 22/22 MP: 2/2
  1346 | D:2      | Reached skill level 1 in Dodging
  1513 | D:2      | Reached XP level 3. HP: 27/27 MP: 3/3
  1526 | D:2      | Found a faded altar of an unknown god.
  2614 | D:2      | Reached XP level 4. HP: 33/33 MP: 4/4
  2841 | D:3      | Learned a level 1 spell: Foxfire
  2981 | D:3      | Found Cawnoascho's Antique Weapon Boutique.
  3471 | D:4      | Found an ornate altar of the Wu Jian Council.
  3669 | D:4      | HP: 1/33 [water moccasin zombie (3)]
  3677 | D:4      | Slain by a water moccasin zombie

Illustrated notes

Levels and vault maps discovered:
D:1:      evilmike_arrival_rings, layout_basic, minmay_tiny_reverse_x
D:2:      layout_basic, hellmonk_ecumenical_altar_arch_garden
D:3:      layout_basic, serial_shops, shop
D:4:      layout_basic, nicolae_wu_jian_wuxing_cycle, kennysheep_mini_moat,
          serial_shops, kennysheep_little_box, minivault_5

Skill      XL: |  1  2  3  4 |
---------------+-------------+-----
Short Blades   | 2 3 |  3.2
Stealth        | 4 |  4.8
Dodging        | 1 |  1.3
Fighting       | |  2.2
Throwing       | |  1.7

Action                   |  1- 3 |  4- 6 || total
-------------------------+-------+-------++-------
Melee: Dagger            |   157 |    81 ||   238
       Trident           |       |     1 ||     1
 Cast: Foxfire           |       |     3 ||     3
 Stab: Sleeping          |     8 |     3 ||    11
Armor: Robe              |    48 |    30 ||    78
Dodge: Dodged            |    84 |    53 ||   137

Table legend: (Time is in decaauts)
 A = Elapsed time spent in this place.
 B = Non-inter-level travel time spent in this place.
 C = Inter-level travel time spent in this place.
 D = Time resting spent in this place.
 E = Time spent auto-exploring this place.
 F = Levels seen in this place.
 G = Mean time per level.
                   A        B        C        D        E       F      G
               +--------+--------+--------+--------+--------+-----+--------+
         Total |   3645 |   3517 |    128 |    270 |   2583 |   4 |  911.2 |
       Dungeon |   3645 |   3517 |    128 |    270 |   2583 |   4 |  911.2 |
               +--------+--------+--------+--------+--------+-----+--------+

Top non-repeatable levels by time:
     D:2: 1431 daAuts
     D:1: 1294 daAuts
     D:3: 697 daAuts
     D:4: 222 daAuts
